General information
- name: BNet
- type: Ladder 1vs1/FFA
- host: Battle.net
- saver: 7.37
map: MeltingValley
- players: 2
- length: 21:37
- speed: Fast
- version: 1.26 W3XP
- replay type: Public
» download(67 KB)
Players
team 1 (winner)
7.37 (
red | 66 APM | 1418 actions | 21:37)
6 Blademaster
2 Wind Walk
3 Critical Strike
1 Bladestorm
» actions
| Assign group hotkey | 37 | |
| Basic commands | 15 | |
| Build / train | 68 | |
| ESC pressed | 1 | |
| Enter build submenu | 34 | |
| Enter hero's abilities submenu | 7 | |
| Give item / drop item | 6 | |
| Right click | 582 | |
| Select / deselect | 292 | |
| Select group hotkey | 250 | |
| Use ability | 126 | |
1418 total
» units
| Peon | 12 | |
| Troll Batrider | 24 | |
| Wind Rider | 1 | |
37 total
» upgrades
| Ranged Weapons | 2 | |
| Liquid Fire | 1 | |
| Envenomed Spears | 1 | |
| Armor | 1 | |
5 total
» buildings
| Altar of Storms | 1 | |
| Orc Burrow | 4 | |
| War Mill | 1 | |
| Voodoo Lounge | 2 | |
| Watch Tower | 15 | |
| Stronghold | 1 | |
| Beastiary | 3 | |
| Fortress | 1 | |
| Great Hall | 1 | |
29 total
» build order
00:04 Altar of Storms
00:17 Orc Burrow
00:43 War Mill
01:08 Voodoo Lounge
01:29 Orc Burrow
02:09 Watch Tower
02:29 Watch Tower
02:54 Watch Tower
03:25 Stronghold
04:11 Watch Tower
04:13 Watch Tower
04:25 Watch Tower
04:58 Orc Burrow
05:50 Beastiary
05:59 Beastiary
06:28 Beastiary
08:31 Fortress
09:10 Orc Burrow
14:22 Watch Tower
14:23 Watch Tower
14:27 Watch Tower
15:04 Watch Tower
15:06 Watch Tower
16:15 Watch Tower
16:18 Watch Tower
16:46 Watch Tower
17:32 Great Hall
17:40 Watch Tower
18:58 Voodoo Lounge
» items
| Lesser Clarity Potion | 6 | |
| Healing Salve | 3 | |
| Boots of Speed | 2 | |
| Staff of Teleportation | 1 | |
| Dust of Appearance | 1 | |
| Orb of Lightning | 1 | |
| Potion of Lesser Invulnerability | 2 | |
| Potion of Healing | 1 | |
17 total
team 2 (loser)
olddirtybastard (
green | 77 APM | 1664 actions | 21:36)
4 Demon Hunter
2 Mana Burn
2 Evasion
3 Naga Sea Witch
2 Frost Arrows
1 Forked Lightning
» actions
| Assign group hotkey | 60 | |
| Build / train | 73 | |
| Enter build submenu | 26 | |
| Enter hero's abilities submenu | 7 | |
| Give item / drop item | 3 | |
| Remove unit from queue | 6 | |
| Right click | 709 | |
| Select / deselect | 280 | |
| Select group hotkey | 436 | |
| Use ability | 64 | |
1664 total
» units
| Wisp | 18 | |
| Archer | 4 | |
| Druid of the Talon | 14 | |
| Chimaera | 2 | |
| Goblin Sapper | 2 | |
40 total
» upgrades
| Druid of the Talon Training | 2 | |
| Reinforced Hides | 3 | |
| Strength of the Wild | 1 | |
6 total
» buildings
| Altar of Elders | 1 | |
| Moon Well | 5 | |
| Ancient of War | 1 | |
| Tree of Ages | 3 | |
| Ancient of Wonders | 1 | |
| Ancient of Wind | 4 | |
| Tree of Eternity | 1 | |
| Hunter's Hall | 1 | |
| Chimaera Roost | 3 | |
| Ancient Protector | 8 | |
28 total
» build order
00:10 Altar of Elders
00:18 Moon Well
01:42 Ancient of War
02:09 Tree of Ages
02:09 Tree of Ages
02:16 Moon Well
03:29 Ancient of Wonders
03:45 Moon Well
04:33 Ancient of Wind
04:40 Ancient of Wind
04:44 Ancient of Wind
04:50 Ancient of Wind
06:13 Tree of Eternity
06:59 Moon Well
08:31 Hunter's Hall
08:42 Chimaera Roost
08:58 Chimaera Roost
09:27 Moon Well
09:45 Ancient Protector
10:27 Chimaera Roost
10:46 Ancient Protector
10:56 Ancient Protector
14:23 Ancient Protector
15:48 Ancient Protector
16:43 Ancient Protector
18:57 Ancient Protector
18:58 Ancient Protector
» items
| Staff of Preservation | 2 | |
| Potion of Healing | 2 | |
| Dust of Appearance | 3 | |
| Moonstone | 1 | |
| Scroll of Healing | 1 | |
| Scroll of Protection | 1 | |
| Orb of Venom | 1 | |
11 total
Chat log
(00:45 / All) olddirtybastard: gl hf
(06:03 / All) olddirtybastard: wow pro
(15:00 / All) olddirtybastard: i wish i was u
(15:13 / All) olddirtybastard: ure so good
(15:21 / All) olddirtybastard: idk what to do YOUR TROLLS ARE OVER MY TREEES
(16:36 / All) olddirtybastard: AND TO THINK U ARE COOL ENOUGH TO DO THIS EVERY ROUND IS OUTSTANDING